 Dungeon Crawl Stone Soup version 0.29.0-11-gd7f09526c8 (webtiles) character file.

Game seed: 15897816940888625754

92 Arum the Trooper (level 4, -1/33 (37) HPs)
             Began as a Formicid Fighter on Sept 2, 2022.
             Slain by an orc warrior
             ... wielding a +1 halberd of venom
              (19 damage)
             ... on level 3 of the Dungeon.
             The game lasted 00:02:56 (2781 turns).

Arum the Trooper (Formicid Fighter)                 Turns: 2781, Time: 00:02:57

HP:   -1/33 (37)    AC: 14    Str: 22 (23) XL:     4   Next: 90%
MP:   4/4           EV:  6    Int:  4 (7)  God:
Gold: 129           SH:  5    Dex: 12 (13) Spells: 3/3 levels left

rFire   . . .      SeeInvis +   a - +0 war axe
rCold   + . .      Faith    .   c - +0 buckler
rNeg    . . .      Spirit   .   p - +0 plate armour
rPois   .          Reflect  .   (helmet unavailable)
rElec   .          Harm     .   (no cloak)
rCorr   .          Rampage  .   m - +0 pair of gloves
Will    .....                   o - +0 pair of boots
Stlth   ..........              i - amulet of the acrobat
HPRegen 0.11/turn               n - ring of protection from cold
MPRegen 0.09/turn               (no ring)

@: mighty, lethally poisoned (-1 -> -15), heavily drained
A: permanent stasis, dig shafts and tunnels, antennae 3, four strong arms
a: Dig, Shaft Self


You were on level 3 of the Dungeon.
You visited 1 branch of the dungeon, and saw 3 of its levels.

You collected 129 gold pieces.

Inventory:

Hand Weapons
 a - a +0 war axe (weapon)
Armour
 c - a +0 buckler (worn)
 m - a +0 pair of gloves (worn)
 o - a +0 pair of boots (worn)
 p - a +0 plate armour (worn)
Jewellery
 i - an amulet of the acrobat (around neck)
 n - a ring of protection from cold (left hand)
Wands
 b - a wand of flame (15)
Scrolls
 e - 2 scrolls of butterflies {unknown}
 g - a scroll of poison {unknown}
 h - a scroll of magic mapping {unknown}
 l - 3 scrolls of teleportation {unknown}
 q - a scroll of noise {unknown}
 r - a scroll of enchant armour {unknown}
 u - a scroll of identify {unknown}
Potions
 d - a potion of might
 f - a potion of heal wounds {unknown}
 j - a potion of berserk rage {unknown}
 k - a potion of mutation {unknown}
 s - a potion of brilliance {unknown}
 t - a potion of lignification {unknown}


   Skills:
 + Level 4.2 Fighting
 + Level 3.1 Axes
 + Level 4.2 Armour
 - Level 4.0 Shields


You had 3 spell levels left.
You didn't know any spells.
Your spell library was empty.

Dungeon Overview and Level Annotations

Branches:
Dungeon (3/15)

Altars:


Innate Abilities, Weirdness & Mutations

You cannot be hasted, slowed, berserked, paralysed or teleported.
You can dig through walls and to a lower floor.
You have a pair of large antennae on your head. (SInv)
Your four strong arms can wield two-handed weapons with a shield.


Message History

No target in view!
HP restored.
u - a scroll labelled CEDOOC HIULIY A rat comes into view.
A rat is nearby!
A rat is nearby!
You slash the rat!
You kill the rat!
No target in view!
Found a chain mail.
Found a leather armour.
You now have 129 gold pieces (gained 10).
You see here a +0 chain mail.
An orc is nearby!
Unknown command.
The orc warrior shouts!
You extend your mandibles.
You dig through the rock wall.
You feel drained.
You dig through the rock wall.
You feel drained.
You feel very mighty all of a sudden.
No target in view!
You start waiting.
You sense a monster nearby.
You start waiting.
An orc warrior is nearby!
You retract your mandibles.
You barely miss the orc warrior.
The orc warrior hits you with a +1 halberd of venom.
You are poisoned.
You slash the orc warrior!
The orc warrior is heavily wounded.
You feel very sick. The orc warrior barely misses you.
The orc warrior hits you but does no damage.
You are more poisoned.
You hit the orc warrior.
The orc warrior is severely wounded.
You feel very sick.
The orc warrior hits you with a +1 halberd of venom!!
Ouch! That really hurt!
You die...

#.# #.#........#
##.###...########
#..##..###
#......# #####..#
#.## #####.#
##o##..# ######
#@#{..## #....#
###...# #....####
#...# #........
#.).####...>.###
#...........##
#...####....#
#...o###....#
#.....##....#
#...#.##....#


You could see an orc warrior.

Vanquished Creatures
  3 adders (D:2)
  A worm (D:3)
  2 orcs
  6 ball pythons
  3 endoplasms
  3 giant cockroaches
  4 goblins
  4 hobgoblins
  3 jackals (D:3)
  3 quokkas
  5 bats
  6 frilled lizards
  10 kobolds
  8 rats
61 creatures vanquished.

Notes
Turn   | Place    | Note
-------+----------+-------------------------------------------
     0 | D:1      | Arum the Formicid Fighter began the quest for the Orb.
     0 | D:1      | Reached XP level 1. HP: 18/18 MP: 1/1
   241 | D:1      | Reached XP level 2. HP: 24/24 MP: 2/2
   684 | D:1      | Reached XP level 3. HP: 30/30 MP: 3/3
   958 | D:2      | Reached XP level 4. HP: 6/37 MP: 4/4
  1608 | D:2      | Found a faded altar of an unknown god.
  2336 | D:3      | Noticed an orc warrior
  2781 | D:3      | Slain by an orc warrior

Illustrated notes

Levels and vault maps discovered:
D:1:      heliophobic_arrival_ceremonial_halls, layout_loops_ring,
          nicolae_concentric_dashed_squares_wild
D:2:      layout_loops_cross, ebering_ecumenical_altar_webs
D:3:      layout_rooms

Skill      XL: |  1  2  3  4 |
---------------+-------------+-----
Fighting       | 4 |  4.2
Armour         | 4 |  4.2
Axes           | 3 |  3.1
Shields        | |  4.0

Action                   |  1- 3 |  4- 6 || total
-------------------------+-------+-------++-------
Melee: War axe           |    83 |    96 ||   179
 Abil: Dig               |       |     1 ||     1
Evoke: Wand              |       |     2 ||     2
  Use: Potion            |     2 |     2 ||     4
Armor: Scale mail        |    42 |    27 ||    69
       Plate armour      |       |    30 ||    30
Dodge: Dodged            |    45 |    47 ||    92
Block: Buckler           |    23 |    16 ||    39
